 Dungeon Crawl Stone Soup version 0.30-a0-989-g0d87f670db (webtiles) character file.

Game seed: 12993030666647935113

16 Pimp the Stinger (level 2, -1/19 HPs)
             Began as a Barachi Venom Mage on Apr 3, 2023.
             Slain by a goblin
             ... wielding a +2 dagger of protection
              (4 damage)
             ... on level 1 of the Dungeon.
             The game lasted 00:03:37 (732 turns).

Pimp the Stinger (Barachi Venom Mage)                Turns: 732, Time: 00:03:38

Health: -1/19      AC:  2    Str:  9    XL:     2   Next: 58%
Magic:  0/5        EV: 12    Int: 15    God:
Gold:   71         SH:  0    Dex: 12    Spells: 4/5 levels left

rFire   . . .      SeeInvis .    h - +0 dagger
rCold   . . .      Faith    .    (no shield)
rNeg    . . .      Spirit   .    a - +0 robe
rPois   .          Reflect  .    (no helmet)
rElec   .          Rampage  .    (no cloak)
rCorr   .                        (no gloves)
Will    .....                    (no boots)
Stlth   ++                       (no amulet)
HPRegen 0.23/turn                (no ring)
MPRegen 0.09/turn                (no ring)

@: slow
A: amphibious, slowness 1, strong legs 1, +LOS
a: Hop


You were on level 1 of the Dungeon.
You visited 1 branch of the dungeon, and saw 1 of its levels.

You collected 71 gold pieces.

Inventory:

Hand Weapons
 h - a +0 dagger (weapon)
Armour
 a - a +0 robe (worn)
Scrolls
 c - a scroll of identify
 e - a scroll of magic mapping
Potions
 b - a potion of magic
 d - a potion of berserk rage


   Skills:
 + Level 2.4 Dodging
 + Level 2.0 Stealth
 + Level 2.4 Spellcasting
 + Level 1.5 Transmutations
 + Level 3.5 Poison Magic


You had 4 spell levels left.
You knew the following spells:

 Your Spells              Type           Power      Damage    Failure   Level
a - Sting                 Tmut/Pois      36%        1d4       8%          1

Your spell library contained the following spells:

 Spells                   Type           Power      Damage    Failure   Level
 Poisonous Vapours        Pois/Air       14%        N/A       16%         2
 Mephitic Cloud           Conj/Pois/Air  5%         N/A       36%         3
 Olgreb's Toxic Radiance  Pois           12%        N/A       45%         4


Dungeon Overview and Level Annotations

Branches:
Dungeon (1/15)

Altars:


Innate Abilities, Weirdness & Mutations

You are amphibious.
You cover ground slowly.
You can hop short distances.
You have an extended range of vision and can be seen from far away.


Message History

Aiming: Sting (safe; 8% risk of failure)
Press: ? - help, Shift-Dir - straight line, f - goblin
Aim: a goblin, wielding a +2 dagger of protection (60% to hit)
The sting misses the goblin.
The goblin closely misses you.
Casting: Sting (safe; 8% risk of failure)
Confirm with . or Enter, or press ? or * to list all spells.
Aiming: Sting (safe; 8% risk of failure)
Press: ? - help, Shift-Dir - straight line, f/p - goblin
Aim: a goblin, wielding a +2 dagger of protection (60% to hit)
The sting misses the goblin.
The goblin hits you with a +2 dagger of protection.
Casting: Sting (safe; 8% risk of failure)
Confirm with . or Enter, or press ? or * to list all spells.
Aiming: Sting (safe; 8% risk of failure)
Press: ? - help, Shift-Dir - straight line, f/p - goblin
Aim: a goblin, wielding a +2 dagger of protection (60% to hit)
The sting hits the goblin but does no damage.
The goblin is poisoned.
The goblin hits you with a +2 dagger of protection.
Casting: Sting (safe; 8% risk of failure)
Confirm with . or Enter, or press ? or * to list all spells.
Aiming: Sting (safe; 8% risk of failure)
Press: ? - help, Shift-Dir - straight line, f/p - goblin
Aim: a goblin, wielding a +2 dagger of protection (moderately wounded, poisoned, 60% to hit)
The sting misses the goblin.
The goblin hits you with a +2 dagger of protection.
You hit the goblin but do no damage.
The goblin is moderately wounded.
The goblin hits you with a +2 dagger of protection.
* * * LOW HITPOINT WARNING * * *
Casting: Sting (safe; 8% risk of failure)
Confirm with . or Enter, or press ? or * to list all spells.
Aiming: Sting (safe; 8% risk of failure)
Press: ? - help, Shift-Dir - straight line, f/p - goblin
Aim: a goblin, wielding a +2 dagger of protection (heavily wounded, poisoned, 60% to hit)
The sting hits the goblin but does no damage.
The goblin looks even sicker.
The goblin is heavily wounded.
The goblin hits you with a +2 dagger of protection.
You die...

#.............#.#........#
#
#.######.#.####.#.#.####.#
# #.# #.#.# #.#.#...##.#
#.# #.#.####.#.#.#.##.#
#.# #...†....#.#†#.##.#
#.######..........#.#.##.#
#.........#####.#.#.#.##.#
#########.#########.#.##.#
#..@g.......#.##.#
#############.##.# #)....#
#######


You could see a goblin (very poisoned).

Vanquished Creatures
  3 bats (D:1)
  5 hobgoblins (D:1)
  2 ball pythons (D:1)
  A frilled lizard (D:1)
  3 kobolds (D:1)
  A rat (D:1)
15 creatures vanquished.

Notes
Turn   | Place    | Note
-------+----------+-------------------------------------------
     0 | D:1      | Pimp the Barachi Venom Mage began the quest for the Orb.
     0 | D:1      | Reached XP level 1. HP: 13/13 MP: 3/3
   467 | D:1      | Reached XP level 2. HP: 16/19 MP: 3/5
   732 | D:1      | Slain by a goblin

Illustrated notes

Levels and vault maps discovered:
D:1:      saegor_arrival_simple_a, layout_basic, minmay_misc_feat_tiny

Skill      XL: |  1  2 |
---------------+-------+-----
Stealth        | 2 |  2.0
Dodging        | |  2.4
Spellcasting   | |  2.4
Transmutations | |  1.5
Poison Magic   | |  3.5

Action                     || total
---------------------------++-------
  Melee: Unarmed           ||    31
         Dagger            ||    14
   Cast: Sting             ||    27
    Use: Scroll            ||     5
   Stab: Sleeping          ||     2
 Armour: Robe              ||    17
  Dodge: Dodged            ||    41

Table legend: (Time is in decaauts)
 A = Elapsed time spent in this place.
 B = Non-inter-level travel time spent in this place.
 C = Inter-level travel time spent in this place.
 D = Time resting spent in this place.
 E = Time spent auto-exploring this place.
 F = Levels seen in this place.
 G = Mean time per level.
                   A        B        C        D        E       F      G
               +--------+--------+--------+--------+--------+-----+--------+
         Total |    814 |    812 |      2 |     75 |    533 |   1 |  814.0 |
       Dungeon |    814 |    812 |      2 |     75 |    533 |   1 |  814.0 |
               +--------+--------+--------+--------+--------+-----+--------+

Top non-repeatable levels by time:
     D:1: 814 daAuts
